 Dungeon Crawl Stone Soup version 0.32-a0-872-g59262bdc9b (console) character file.

Game seed: 10230254088670893782

395311 jejorda2 the Impaler (level 23, -4/169 HPs)
             Began as a Gnoll Berserker on Mar 30, 2024.
             Was a High Priest of Trog.
             Slain by a large slime creature (20 damage)
             ... on level 5 of the Pits of Slime.
             The game lasted 03:03:48 (56247 turns).

jejorda2 the Impaler (Gnoll Berserker)             Turns: 56247, Time: 03:03:48

Health: -4/169     AC: 33    Str: 29      XL:     23   Next: 18%
Magic:  43/43      EV: 16    Int:  7 (8)  God:    Trog [*****.]
Gold:   2200       SH: 19    Dex: 13      Spells: 54/54 levels left

rFire   + . .        b - +11 Singing Sword {sonic wave}
rCold   + . .        d - +1 kite shield {rF+}
rNeg    + . .        X - +2 pearl dragon scales
rPois   +            s - +2 helmet
rElec   .            R - +1 cloak "Roelek" {rC+ rCorr}
rCorr   +            T - +2 pair of gloves {Dex+3}
SInv    .            U - +2 pair of boots {Stlth+}
Will    ++...        E - amulet of reflection
Stlth   +++++        f - ring "Ycilusaeg" {rPois Will+ Str+3 Slay+5}
HPRegen 0.48/turn    A - +4 ring of slaying
MPRegen 0.28/turn

%: random rage (3%), reflection
@: studying Polearms
A: fangs 1, strong nose, distributed training, berserk 1, clumsy 1,
deterioration 2, frail 1, poison resistance
}: 2/15 runes: decaying, gossamer
a: Renounce Religion, Berserk, Trog's Hand, Brothers in Arms


You were on level 5 of the Pits of Slime.
You worshipped Trog.
Trog was extremely pleased with you.
You visited 8 branches of the dungeon, and saw 42 of its levels.
You also visited: Gauntlet, Ice Cave and Volcano.

You collected 5436 gold pieces.
You spent 3236 gold pieces at shops.

Inventory:

Hand Weapons
 a - a +9 demon trident of freezing
 b - the +11 Singing Sword (weapon) {sonic wave}
   (You took it off a deep elf annihilator on level 3 of the Elven Halls)
Missiles
 h - 5 curare-tipped darts
 i - 33 poisoned darts
 x - 20 boomerangs (quivered)
 C - 2 throwing nets
 K - 11 datura-tipped darts
 M - 10 silver javelins
 S - 10 javelins
 V - 4 darts of dispersal
Armour
 d - a +1 kite shield of fire resistance (worn)
 s - a +2 helmet (worn)
 R - the +1 cloak "Roelek" (worn) {rC+ rCorr}
   (You found it on level 3 of the Elven Halls)

   rC+:       It protects you from cold.
   rCorr:     It protects you from acid and corrosion.
 T - a +2 pair of gloves of dexterity (worn)
 U - a +2 pair of boots of stealth (worn)
 W - a scarf of resistance
 X - +2 pearl dragon scales (worn)
Jewellery
 f - the ring "Ycilusaeg" (left hand) {rPois Will+ Str+3 Slay+5}
   (You acquired it on level 6 of the Dungeon)

   [ring of poison resistance]

   Str+3:     It affects your strength (+3).
   Slay+5:    It affects your accuracy & damage with ranged weapons and melee
   (+5).
   rPois:     It protects you from poison.
   Will+:     It increases your willpower.
 A - a +4 ring of slaying (right hand)
 D - a ring of flight
 E - an amulet of reflection (around neck)
Wands
 j - a wand of flame (57)
 k - a wand of digging (5)
 p - a wand of light (31)
 q - a wand of iceblast (41)
 y - a wand of polymorph (14)
 F - a wand of paralysis (55)
 N - a wand of mindburst (25)
Scrolls
 c - 6 scrolls of poison
 g - 14 scrolls of teleportation
 o - a scroll of enchant armour
 t - 5 scrolls of fog
 u - 2 scrolls of butterflies
 v - 5 scrolls of fear
 w - 3 scrolls of blinking
 B - 5 scrolls of revelation
 H - 3 scrolls of immolation
 I - 3 scrolls of silence
Potions
 e - 16 potions of curing
 l - 3 potions of heal wounds
 m - 3 potions of haste
 n - 6 potions of invisibility
 r - 6 potions of resistance
 z - 11 potions of attraction
 G - 7 potions of ambrosia
 J - 2 potions of cancellation
 L - 4 potions of enlightenment
 O - 8 potions of mutation
 P - 6 potions of might
Miscellaneous
 Q - a condenser vane


   Skills:
 + Level 17.2 Fighting
 + Level 16.0 Short Blades
 + Level 16.0 Long Blades
 + Level 16.0 Axes
 + Level 16.0 Maces & Flails
 + Level 17.9 Polearms
 + Level 16.0 Staves
 + Level 16.0 Ranged Weapons
 + Level 16.0 Throwing
 + Level 16.6 Armour
 + Level 16.6 Dodging
 + Level 16.0 Stealth
 + Level 16.0 Shields
 + Level 16.0 Unarmed Combat
 + Level 16.0 Spellcasting
 + Level 13.6 Conjurations
 + Level 13.6 Hexes
 + Level 13.6 Summonings
 + Level 13.6 Necromancy
 + Level 13.6 Translocations
 + Level 13.6 Fire Magic
 + Level 13.6 Ice Magic
 + Level 13.6 Air Magic
 + Level 13.6 Earth Magic
 + Level 13.6 Alchemy
 + Level 17.4 Invocations
 + Level 16.0 Evocations
 + Level 14.8 Shapeshifting


You had 54 spell levels left.
You didn't know any spells.
Your spell library was empty.

Dungeon Overview and Level Annotations

Branches:
Dungeon (15/15)            Temple (0/1) D:5            Lair (5/5) D:10
  Swamp (4/4) Lair:2       Spider (4/4) Lair:2        Slime (5/5) Lair:5
    Orc (2/2) D:10            Elf (3/3) Orc:2        Vaults (4/5) D:14
  Crypt (0/3) Vaults:3     Depths (0/4) D:15          IceCv (visited)
Volcano (visited)         Gauntlet (visited)

Altars:
Dithmenos
Elyvilon
Gozag
Kikubaaqudgha
Makhleb
Sif Muna
Wu Jian
Xom
Yredelemnul
The Shining One
Beogh
Lugonu

Shops:
D:2 *   D:11 (   D:13 !   Orc:2 =[(   Vaults:3 :

Annotations:
D:8 1 runed translucent door
D:12 2 runed translucent doors, Qyakaud's ghost, journeyman MDFi
D:15 1 runed translucent door, Tewoziw's ghost, journeyman FoFi


Innate Abilities, Weirdness & Mutations

You have very sharp teeth.
Your uncanny sense of smell can sniff out nearby items.
Your experience applies equally to all skills.
You sometimes lose your temper in combat.
You are clumsy. (Dex -2)
Your body often deteriorates upon taking damage.
You are frail. (-10% HP)
Your system is resistant to poisons. (rPois)


Message History

Unknown command.
Unknown command.
Unknown command.
You slash the very large slime creature!
You bite the very large slime creature.
The very large slime creature is almost dead.
You block the slime creature's attack.
Unknown command.
Unknown command.
You slice the very large slime creature!!
You kill the very large slime creature!
Trog accepts your kill.
You slash the enormous slime creature!
The enormous slime creature is severely wounded.
You block the slime creature's attack.
The enormous slime creature completely misses you.
Two slime creatures merge to form a large slime creature.
Unknown command.
You barely miss the enormous slime creature.
Your bite misses the enormous slime creature.
The enormous slime creature is severely wounded.
The enormous slime creature hits you!!!
* * * LOW HITPOINT WARNING * * *
A slime creature comes into view.
The slime creature quivers.
You slice the enormous slime creature!!
The enormous slime creature is almost dead.
An enormous slime creature splits.
A large slime creature splits.
A slime creature comes into view.
Unknown command.
You hit the large slime creature but do no damage.
You bite the large slime creature!
The large slime creature is almost dead.
Unknown command.
You chop the large slime creature into pieces!!!
You kill the large slime creature!
Trog accepts your kill.
The slime creature hits you but does no damage. x2
The large slime creature hits you!!
You die...

#[?$$#))$)###............#
##$|(|#)$?$................
.#??"/)#|[?$[...............
.#)$/[( /):?:...............
.#############.<............
∆∆∆#φ||$(...............
∆∆∆#"||!?............###
∆∆∆#[)=JJ..J.........#
∆∆∆#$(J@##...........#
∆∆#)!.####.........## ,,#...
###........ ..... ......
....... #.... ....... ..
....... .......


You could see a large slime creature and 3 slime creatures.

Vanquished Creatures
  the Royal Jelly (Slime:5)
  Xtahua (Vaults:4)
  the Lernaean hydra (Swamp:4)
  Saint Roka (Elf:1)
  A golden dragon (IceCv)
  Norris (Vaults:3)
  Jory (Vaults:3)
  The ghost of Yhagabbo the Devastator, an adept DrCj of Sif Muna (Vaults:4)
  A tentacled monstrosity (Vaults:2)
  Zenata (Vaults:4)
  Mlioglotl (Swamp:3)
  A lich (Vaults:2)
  3 deep elf blademasters
  2 deep elf master archers (Elf:3)
  3 sphinxes (Vaults:2)
  13 acid blobs
  An ancient champion (Vaults:3)
  Roxanne (Elf:2)
  2 fenstrider witches (Swamp:3)
  10 azure jellies
  Kirke (Lair:2)
  A tengu reaver (Vaults:2)
  Donald (Vaults:3)
  A fire giant (Vaults:4)
  3 ghost moths
  4 deep elf sorcerers
  2 emperor scorpions
  8 vault wardens
  Louise (Elf:2)
  4 rockslimes
  2 frost giants (Vaults:2)
  2 deep elf elementalists (Elf:3)
  4 orc warlords
  25 ironbound preservers
  11 quicksilver oozes
  A very ugly thing (Vaults:2)
  3 formless jellyfish
  5 deep elf demonologists
  2 stone giants
  8 ironbound thunderhulks
  Nessos (Lair:3)
  3 deep elf death magi (Elf:3)
  4 spark wasps
  6 bunyips
  3 war gargoyles (Vaults:2)
  8 eleionomae
  5 deep elf annihilators (Elf:3)
  A minotaur (Gauntlet)
  A dire elephant (Vaults:2)
  2 fire dragons
  8 yaktaur captains
  The ghost of MachoJfn the Cleaver, a journeyman FoFi of the Shining One (D:11)
  3 crystal guardians (Vaults:4)
  4 shambling mangroves
  An entropy weaver (Spider:3)
  3 deep elf high priests
  A rakshasa (D:14)
  10 great orbs of eyes
  16 vault guards
  A spectral sphinx (Vaults:4)
  A spriggan air mage (Swamp:3)
  21 hydras
  7 ice dragons
  11 centaur warriors
  3 boulder beetles
  2 peacekeepers (Vaults:4)
  A catoblepas (Gauntlet)
  A ghost crab (Swamp:3)
  A radroach (Lair:2)
  3 jorogumos
  6 alligators
  An ogre mage (Orc:2)
  Erica (Orc:1)
  9 ironbound frosthearts
  10 two-headed ogres
  28 dancing weapons
  A spectral stone giant (Vaults:4)
  Urug (Orc:2)
  An orc high priest (Orc:2)
  3 tengu warriors (D:15)
  18 deep elf knights
  10 demonic crawlers
  Nergalle (Lair:3)
  3 skysharks (Vaults:3)
  A spectral elf (Vaults:4)
  Amaemon (Lair:1)
  A titan skeleton (Vaults:3)
  8 spriggans
  7 pharaoh ants
  A spectral yaktaur (Vaults:4)
  5 goliath frogs (Swamp:1)
  4 spriggan druids
  A skeletal warrior (Vaults:3)
  A storm dragon skeleton (Vaults:3)
  14 swamp dragons
  2 sun moths
  69 deep trolls
  4 orb spiders
  An orange crystal statue (IceCv)
  3 glowing orange brains
  8 arcanists
  A bog body (Swamp:2)
  19 deep elf zephyrmancers
  10 orc knights
  8 deep elf archers
  3 steelbarb worms
  2 phantasmal warriors (Vaults:2)
  14 ironbound convokers
  4 lightning spires (Swamp:2)
  6 lindwurms
  2 fauns (shapeshifter)
  A thermic dynamo (Elf:3)
  13 harpies
  A harpy (shapeshifter) (Elf:2)
  A necromancer (Vaults:1)
  An elf skeleton (Vaults:3)
  16 deep elf pyromancers
  A shadow dragon skeleton (Vaults:3)
  A tengu skeleton (Vaults:3)
  19 wolf spiders
  10 orc sorcerers
  5 cyclopes
  5 shining eyes
  16 ugly things
  A frost giant zombie (Vaults:1)
  4 will-o-the-wisps
  3 moths of wrath
  3 salamanders (Volcano)
  4 manticores
  A guardian serpent (Vaults:2)
  8 elephants
  3 meliai (D:14)
  An orange demon (Lair:1)
  A smoke demon (Gauntlet)
  8 black mambas
  4 vault sentinels
  6 gargoyles
  14 torpor snails
  2 storm dragon simulacra (IceCv)
  9 cane toads
  2 titan simulacra (Vaults:4)
  2 unseen horrors
  An eye of devastation (Vaults:2)
  An elf zombie (Vaults:1)
  Maggie (D:7)
  4 rime drakes
  A hellion (Gauntlet)
  5 kobold demonologists
  18 komodo dragons
  25 yaktaurs
  An anaconda simulacrum (Spider:2)
  A freezing wraith (Vaults:2)
  5 golden dragon simulacra (IceCv)
  2 yaktaur skeletons (Vaults:3)
  2 trolls
  2 tengu conjurers (D:14)
  3 bloated husks
  A hellwing (Gauntlet)
  13 tarantellas
  6 polar bears
  10 tyrant leeches
  25 hornets
  2 glass eyes
  14 blink frogs
  A spectral human (Vaults:4)
  Sigmund (D:3)
  7 dream sheep (Lair:4)
  An ettin skeleton (Vaults:3)
  24 jumping spiders
  17 culicivoras
  87 slime creatures
  A stone giant simulacrum (Vaults:4)
  3 wraiths
  3 air elementals (Elf:1)
  A water elemental (Elf:1)
  25 yaks
  7 wyverns
  A shadow (D:11)
  A dire elephant simulacrum (Spider:2)
  4 fire elementals
  3 hogs (Lair:3)
  A human (D:14)
  4 fire bats (Volcano)
  6 golden eyes (Slime:2)
  4 basilisks (Lair:5)
  4 steam dragons
  5 wargs
  49 redbacks
  19 vampire mosquitoes
  Grum (D:8)
  3 minotaur simulacra (Spider:2)
  11 swamp worms
  3 acid dragons
  A swamp worm (shapeshifter) (Vaults:1)
  A glowing shapeshifter skeleton (Vaults:3)
  A hell hound (Gauntlet)
  A human simulacrum (Vaults:4)
  12 water moccasins
  8 swamp drakes
  A black bear (D:4)
  A sky beast (D:7)
  27 wolves
  21 ogres
  31 orc warriors
  7 ice dragon simulacra (IceCv)
  4 boggarts (D:15)
  17 centaurs
  5 kobold brigands
  18 bullfrogs
  A gnoll sergeant (D:12)
  4 earth elementals
  5 scorpions
  A deep troll simulacrum (Spider:2)
  2 glowing shapeshifter simulacra
  11 wights
  12 killer bees
  9 lindwurm simulacra
  3 electric eels
  5 howler monkeys
  3 gnoll boudas (D:6)
  A jelly (D:6)
  A bombardier beetle (D:3)
  3 hounds
  26 orc priests
  8 human skeletons
  5 iguanas
  Ijyb (D:3)
  Terence (D:3)
  3 sleepcaps
  24 orc wizards
  7 hell rats (Lair:4)
  20 gnolls
  9 adders
  A shadow imp (D:7)
  3 white imps
  5 ribbon worms
  2 dart slugs
  84 orcs
  4 ball pythons
  5 endoplasms
  3 giant cockroaches
  7 goblins
  7 hobgoblins
  9 jackals
  3 quokkas
  9 bats
  3 frilled lizards
  A jackal skeleton (D:8)
  20 kobolds
  A kobold skeleton (D:8)
  6 rats
1662 creatures vanquished.

Vanquished Creatures (collateral kills)
  3 emperor scorpions (Spider:4)
  A vault warden (Vaults:2)
  A broodmother (Spider:1)
  2 dire elephants (Vaults:2)
  A vault guard (D:14)
  A dancing weapon (Elf:2)
  A tengu warrior (D:14)
  2 deep elf archers (Elf:2)
  A harpy (D:15)
  An elephant (Lair:5)
  A komodo dragon (Lair:5)
  A hornet (Spider:4)
  A jumping spider (Spider:1)
  5 yaks (Lair:5)
  A water moccasin (Lair:5)
  2 orc warriors
25 creatures vanquished.

Vanquished Creatures (others)
  A deep elf knight (Elf:2)
  A skyshark (Vaults:3)
  A deep elf zephyrmancer (Elf:1)
  A harpy (D:15)
  A wolf spider (Spider:2)
  A yaktaur (D:14)
  A jumping spider (Spider:1)
  3 orc warriors (Orc:2)
  An orc priest (Elf:2)
  6 foxfires
17 creatures vanquished.

Grand Total: 1704 creatures vanquished

Notes
Turn   | Place    | Note
-------+----------+-------------------------------------------
     0 | D:1      | jejorda2 the Gnoll Berserker began the quest for the Orb.
     0 | D:1      | Reached XP level 1. HP: 23/23 MP: 1/1
   167 | D:1      | Reached XP level 2. HP: 20/29 MP: 2/2
   717 | D:1      | Found a faded altar of an unknown god.
   986 | D:2      | Reached XP level 3. HP: 35/35 MP: 3/3
  1008 | D:2      | Reached skill level 1 in Invocations
  1131 | D:2      | Found Agaemam's Assorted Antiques.
  1154 | D:2      | Reached ** piety under Trog
  1163 | D:2      | Reached skill level 1 in Short Blades
  1163 | D:2      | Reached skill level 1 in Long Blades
  1163 | D:2      | Reached skill level 1 in Axes
  1163 | D:2      | Reached skill level 1 in Maces & Flails
  1163 | D:2      | Reached skill level 1 in Staves
  1163 | D:2      | Reached skill level 1 in Ranged Weapons
  1163 | D:2      | Reached skill level 1 in Throwing
  1163 | D:2      | Reached skill level 1 in Stealth
  1163 | D:2      | Reached skill level 1 in Shields
  1163 | D:2      | Reached skill level 1 in Unarmed Combat
  1163 | D:2      | Reached skill level 1 in Spellcasting
  1163 | D:2      | Reached skill level 1 in Evocations
  1167 | D:2      | Reached skill level 1 in Shapeshifting
  1167 | D:2      | Reached XP level 4. HP: 40/41 MP: 5/5
  1520 | D:2      | Reached skill level 1 in Conjurations
  1520 | D:2      | Reached skill level 1 in Hexes
  1520 | D:2      | Reached skill level 1 in Summonings
  1520 | D:2      | Reached skill level 1 in Necromancy
  1520 | D:2      | Reached skill level 1 in Translocations
  1520 | D:2      | Reached skill level 1 in Fire Magic
  1520 | D:2      | Reached skill level 1 in Ice Magic
  1520 | D:2      | Reached skill level 1 in Air Magic
  1520 | D:2      | Reached skill level 1 in Earth Magic
  1520 | D:2      | Reached skill level 1 in Alchemy
  1877 | D:3      | Reached XP level 5. HP: 30/47 MP: 5/7
  2026 | D:3      | Noticed Ijyb
  2030 | D:3      | Noticed Terence
  2040 | D:3      | Killed Ijyb
  2050 | D:3      | Killed Terence
  2200 | D:3      | Reached XP level 6. HP: 53/53 MP: 8/8
  2226 | D:3      | Reached skill level 5 in Armour
  2226 | D:3      | Reached skill level 5 in Dodging
  2716 | D:3      | Noticed Sigmund
  2728 | D:3      | Killed Sigmund
  2729 | D:3      | Reached XP level 7. HP: 57/60 MP: 10/10
  2858 | D:4      | Reached *** piety under Trog
  3719 | D:5      | Entered Level 5 of the Dungeon
  3790 | D:5      | Reached XP level 8. HP: 67/67 MP: 12/12
  4552 | D:5      | Found a staircase to the Ecumenical Temple.
  4716 | D:2      | Bought a scroll labelled FIODOY ENEARUZ for 31 gold pieces
  4716 | D:2      | Bought a scroll labelled JUZIAPSARYS for 31 gold pieces
  4716 | D:2      | Bought a fizzy inky potion for 27 gold pieces
  4976 | D:6      | Identified the +0 leather armour "Dueloh" {*Slow rPois
                  | rC+++ Will++}
  5075 | D:6      | Reached XP level 9. HP: 73/73 MP: 9/15
  5080 | D:6      | Reached **** piety under Trog
  6059 | D:7      | Found the +6 Majin-Bo {spellvamp, MP+6 Int+6}
  6116 | D:6      | Identified a scroll of acquirement
  6116 | D:6      | Acquired the ring "Ycilusaeg" {rPois Will+ Str+3 Slay+5}
  6348 | D:7      | Noticed Maggie
  6357 | D:7      | Killed Maggie
  6358 | D:7      | Reached skill level 5 in Invocations
  6818 | D:7      | Found an ornate altar of the Wu Jian Council.
  6871 | D:7      | Reached skill level 5 in Short Blades
  6871 | D:7      | Reached skill level 5 in Long Blades
  6871 | D:7      | Reached skill level 5 in Axes
  6871 | D:7      | Reached skill level 5 in Maces & Flails
  6871 | D:7      | Reached skill level 5 in Staves
  6871 | D:7      | Reached skill level 5 in Ranged Weapons
  6871 | D:7      | Reached skill level 5 in Throwing
  6871 | D:7      | Reached skill level 5 in Stealth
  6871 | D:7      | Reached skill level 5 in Shields
  6871 | D:7      | Reached skill level 5 in Unarmed Combat
  6871 | D:7      | Reached skill level 5 in Spellcasting
  6871 | D:7      | Reached skill level 5 in Evocations
  6924 | D:7      | Noticed a cyclops
  6929 | D:7      | Killed a cyclops
  6930 | D:7      | Reached XP level 10. HP: 64/82 MP: 13/17
  7268 | D:8      | Noticed Grum
  7276 | D:8      | Killed Grum
  7384 | D:8      | Found a runed translucent door.
  7385 | D:8      | Found a basalt altar of Yredelemnul.
  7415 | D:8      | Reached ***** piety under Trog
  7418 | D:8      | Found a glowing golden altar of the Shining One.
  7471 | D:8      | Found an opulent altar of Gozag.
  7602 | D:8      | Reached skill level 5 in Shapeshifting
  7968 | D:8      | Noticed a two-headed ogre
  7973 | D:8      | Killed a two-headed ogre
  9288 | D:10     | Entered Level 10 of the Dungeon
  9288 | D:10     | Noticed a kobold demonologist
  9288 | D:10     | Noticed a kobold demonologist
  9338 | D:10     | Found a shadowy altar of Dithmenos.
  9397 | D:10     | Found a staircase to the Orcish Mines.
  9615 | D:10     | Found a staircase to the Lair.
  9874 | Lair:1   | Entered Level 1 of the Lair of Beasts
  9882 | Lair:1   | Noticed a cane toad
  9887 | Lair:1   | Killed a cane toad
  9888 | Lair:1   | Reached skill level 5 in Conjurations
  9888 | Lair:1   | Reached skill level 5 in Hexes
  9888 | Lair:1   | Reached skill level 5 in Summonings
  9888 | Lair:1   | Reached skill level 5 in Necromancy
  9888 | Lair:1   | Reached skill level 5 in Translocations
  9888 | Lair:1   | Reached skill level 5 in Fire Magic
  9888 | Lair:1   | Reached skill level 5 in Ice Magic
  9888 | Lair:1   | Reached skill level 5 in Air Magic
  9888 | Lair:1   | Reached skill level 5 in Earth Magic
  9888 | Lair:1   | Reached skill level 5 in Alchemy
  9888 | Lair:1   | Reached XP level 11. HP: 77/89 MP: 16/20
 10204 | Lair:1   | Received a gift from Trog
 10403 | Lair:1   | Noticed Amaemon
 10413 | Lair:1   | Killed Amaemon
 11161 | Lair:2   | Reached XP level 12. HP: 77/97 MP: 17/22
 11170 | Lair:2   | Found a dark tunnel.
 11217 | Volcano  | Entered a volcano
 11389 | Volcano  | Noticed a two-headed ogre
 11396 | Volcano  | Killed a two-headed ogre
 11545 | Volcano  | Reached skill level 10 in Fighting
 11545 | Volcano  | Reached skill level 10 in Polearms
 11596 | Volcano  | Noticed a two-headed ogre
 11719 | Volcano  | Killed a two-headed ogre
 11793 | Volcano  | Noticed a fire dragon
 11805 | Volcano  | Killed a fire dragon
 12165 | Lair:2   | Noticed a seven-headed hydra
 12171 | Lair:2   | Killed a seven-headed hydra
 12311 | Lair:2   | Found a staircase to the Swamp.
 12438 | Lair:2   | Found a hole to the Spider Nest.
 13073 | Lair:3   | Noticed Kirke
 13085 | Lair:3   | Reached XP level 13. HP: 104/104 MP: 22/25
 13110 | Lair:2   | Killed Kirke
 13315 | Lair:3   | Noticed Nessos
 13343 | Lair:3   | Killed Nessos
 13475 | Lair:3   | Noticed Nergalle
 13489 | Lair:3   | Killed Nergalle
 13596 | Lair:3   | Found an ancient bone altar of Kikubaaqudgha.
 14652 | Lair:4   | Reached skill level 10 in Armour
 14652 | Lair:4   | Reached skill level 10 in Dodging
 15109 | Lair:5   | Entered Level 5 of the Lair of Beasts
 15209 | Lair:5   | Reached XP level 14. HP: 91/113 MP: 21/27
 15214 | Lair:5   | Reached skill level 10 in Invocations
 15236 | Lair:5   | Found a gate leading to a gauntlet.
 15250 | Gauntlet | Entered a Gauntlet
 15250 | Gauntlet | Found a transporter.
 15346 | Gauntlet | Found a transporter.
 15347 | Gauntlet | Found a transporter.
 15358 | Gauntlet | Found a transporter.
 15359 | Gauntlet | Found a transporter.
 15360 | Gauntlet | Found a transporter.
 15368 | Gauntlet | Found a transporter.
 15371 | Gauntlet | Found a transporter.
 15372 | Gauntlet | Found a transporter.
 15378 | Gauntlet | Noticed a reaper
 15384 | Gauntlet | Found a transporter.
 15384 | Gauntlet | Found a transporter.
 15385 | Gauntlet | Found a transporter.
 15393 | Gauntlet | Found a transporter.
 15453 | Gauntlet | Found a transporter.
 15654 | Gauntlet | Identified the ring "Woreab" {rPois Str+2 Dex+4}
 16058 | Gauntlet | Identified the +0 chain mail of Circular Logic {Fly}
 16313 | Lair:5   | Received a gift from Trog
 16461 | Lair:5   | Paralysed by a hornet for 2 turns
 16555 | Lair:5   | Identified the +7 trident of the Evening {venom, rN+ Dex+3}
 16842 | Lair:5   | Found a staircase to the Slime Pits.
 17987 | Lair:5   | Upgraded the game from 0.32-a0-871-ge202e49faa to
                  | 0.32-a0-872-g59262bdc9b
 18752 | D:11     | Reached skill level 10 in Short Blades
 18752 | D:11     | Reached skill level 10 in Long Blades
 18752 | D:11     | Reached skill level 10 in Axes
 18752 | D:11     | Reached skill level 10 in Maces & Flails
 18752 | D:11     | Reached skill level 10 in Staves
 18752 | D:11     | Reached skill level 10 in Ranged Weapons
 18752 | D:11     | Reached skill level 10 in Throwing
 18752 | D:11     | Reached skill level 10 in Stealth
 18752 | D:11     | Reached skill level 10 in Shields
 18752 | D:11     | Reached skill level 10 in Unarmed Combat
 18752 | D:11     | Reached skill level 10 in Spellcasting
 18752 | D:11     | Reached skill level 10 in Evocations
 18942 | D:11     | Found Ibleaw's Weapon Emporium.
 19019 | D:11     | Found a runed translucent gate.
 19020 | D:11     | Found a runed translucent gate.
 19020 | D:11     | Found a runed translucent gate.
 19021 | D:11     | Found an opulent altar of Gozag.
 19022 | D:11     | Noticed MachoJfn's ghost (journeyman FoFi)
 19045 | D:11     | Killed MachoJfn's ghost
 19200 | D:12     | Reached XP level 15. HP: 120/120 MP: 27/29
 19316 | D:12     | Received a gift from Trog
 19406 | D:12     | Found a large runed translucent door.
 19406 | D:12     | Found a large runed translucent door.
 19440 | D:12     | Noticed Qyakaud's ghost (journeyman MDFi)
 20109 | D:13     | Identified the +0 chain mail of Day {Will+ MP+9 Str+3}
 21077 | D:13     | Found Pucu's Distillery.
 21083 | D:13     | Bought a potion of berserk rage for 65 gold pieces
 21386 | D:14     | Found a glowing golden altar of the Shining One.
 21936 | D:14     | Found a gate to the Vaults.
 22234 | D:15     | Entered Level 15 of the Dungeon
 22465 | D:15     | Found a runed translucent door.
 22465 | D:15     | Found a shimmering altar of Xom.
 22465 | D:15     | Noticed Tewoziw's ghost (journeyman FoFi)
 22525 | D:15     | Received a gift from Trog
 22642 | D:15     | Found a staircase to the Depths.
 23503 | D:15     | Found a shimmering blue altar of Sif Muna.
 23739 | Orc:1    | Entered Level 1 of the Orcish Mines
 23773 | Orc:1    | Noticed Erica
 23785 | Orc:1    | Killed Erica
 23882 | Orc:1    | Reached skill level 10 in Shapeshifting
 24167 | Orc:2    | Entered Level 2 of the Orcish Mines
 24226 | Orc:2    | Noticed an orc warlord
 24261 | Orc:1    | Killed an orc warlord
 24263 | Orc:1    | Reached XP level 16. HP: 129/129 MP: 30/30
 24382 | Orc:2    | Received a gift from Trog
 24405 | Orc:2    | Found a staircase to the Elven Halls.
 24629 | Orc:2    | Noticed Urug
 24656 | Orc:2    | Killed Urug
 25086 | Orc:2    | Found a roughly hewn altar of Beogh.
 25167 | Orc:2    | Found Neugg's Antique Armour Boutique.
 25497 | Orc:2    | Found Qastoege's General Store.
 25539 | Orc:2    | Found Bomoan's Antique Weapon Boutique.
 25553 | Orc:2    | Found Ytodoiz's Jewellery Boutique.
 25600 | Orc:2    | Found a roughly hewn altar of Beogh.
 25672 | Orc:2    | Found a staircase to the Elven Halls.
 25929 | Orc:2    | Found Neugg's Antique Armour Boutique.
 25942 | Orc:2    | Found Ytodoiz's Jewellery Boutique.
 25967 | Orc:2    | Found Bomoan's Antique Weapon Boutique.
 26036 | Orc:2    | Bought a masterwork plate armour for 1120 gold pieces
 26036 | Orc:2    | Identified the +0 plate armour "Kan Esum" {^Contam rPois
                  | MP+9 Str+5} (You bought it in a shop on level 2 of the
                  | Orcish Mines)
 26053 | Orc:2    | Bought a runed eveningstar for 522 gold pieces
 26181 | Spider:1 | Entered Level 1 of the Spider Nest
 26186 | Spider:1 | Received a gift from Trog
 28287 | Spider:2 | Found a glacial archway.
 28475 | IceCv    | Entered an ice cave
 28616 | IceCv    | Received a gift from Trog
 29114 | IceCv    | Noticed a golden dragon
 29127 | IceCv    | Killed a golden dragon
 29132 | IceCv    | Reached XP level 17. HP: 137/137 MP: 32/32
 29152 | IceCv    | Identified the ring of Pocla {*Slow rF+ rN+++ Int-5 Stlth+}
 29166 | IceCv    | Identified the amulet "Etungin" {Faith Str+2}
 29594 | Spider:2 | Reached skill level 10 in Conjurations
 29594 | Spider:2 | Reached skill level 10 in Hexes
 29594 | Spider:2 | Reached skill level 10 in Summonings
 29594 | Spider:2 | Reached skill level 10 in Necromancy
 29594 | Spider:2 | Reached skill level 10 in Translocations
 29594 | Spider:2 | Reached skill level 10 in Fire Magic
 29594 | Spider:2 | Reached skill level 10 in Ice Magic
 29594 | Spider:2 | Reached skill level 10 in Air Magic
 29594 | Spider:2 | Reached skill level 10 in Earth Magic
 29594 | Spider:2 | Reached skill level 10 in Alchemy
 31220 | Spider:3 | Reached ****** piety under Trog
 31641 | Spider:4 | Entered Level 4 of the Spider Nest
 31665 | Spider:3 | Received a gift from Trog
 34046 | Spider:4 | Got a gossamer rune of Zot
 34188 | Swamp:1  | Entered Level 1 of the Swamp
 34558 | Swamp:1  | Reached XP level 18. HP: 127/146 MP: 34/34
 35617 | Swamp:2  | Identified the +4 broad axe of Callousness {heavy, rPois
                  | rC- rCorr Dex+3} (Trog gifted it to you on level 2 of the
                  | Swamp)
 35617 | Swamp:2  | Received a gift from Trog
 35652 | Swamp:2  | Found a white marble altar of Elyvilon.
 36362 | Swamp:3  | Noticed Mlioglotl
 36374 | Swamp:3  | Noticed a lich
 36380 | Swamp:3  | Killed Mlioglotl
 36801 | Swamp:3  | Found a burning altar of Makhleb.
 36892 | Swamp:4  | Entered Level 4 of the Swamp
 37744 | Swamp:4  | Received a gift from Trog
 37978 | Swamp:4  | Noticed the 27-headed Lernaean hydra
 37985 | Swamp:4  | Killed the 27-headed Lernaean hydra
 38431 | Swamp:4  | Identified the +0 helmet of Insurance {Dex+2}
 38472 | Swamp:4  | Got a decaying rune of Zot
 38777 | Elf:1    | Entered Level 1 of the Elven Halls
 38952 | Elf:1    | Paralysed by an air elemental for 1 turns
 38958 | Elf:1    | Paralysed by an air elemental for 1 turns
 38962 | Elf:1    | Reached XP level 19. HP: 61/153 MP: 36/36
 39618 | Elf:1    | Found a corrupted altar of Lugonu.
 39647 | Elf:1    | Found a roughly hewn altar of Beogh.
 39923 | Elf:1    | Identified the +2 steam dragon scales "Peeticyx" {*Corrode
                  | Str+4 Int+2 Slay+2}
 40052 | Elf:2    | Noticed Saint Roka
 40100 | Elf:2    | Received a gift from Trog
 40102 | Elf:2    | Paralysed by an air elemental for 1 turns
 40107 | Elf:1    | Paralysed by an air elemental for 1 turns
 40368 | Elf:1    | Killed Saint Roka
 41283 | Elf:2    | Noticed Roxanne
 41314 | Elf:2    | Killed Roxanne
 41539 | Elf:2    | Found a huge runed translucent gate.
 41539 | Elf:2    | Found a huge runed translucent gate.
 41539 | Elf:2    | Found a huge runed translucent gate.
 41539 | Elf:2    | Found a huge runed translucent gate.
 41540 | Elf:2    | Found a huge runed translucent gate.
 41787 | Elf:2    | Reached skill level 15 in Fighting
 41787 | Elf:2    | Reached skill level 15 in Polearms
 42271 | Elf:2    | Noticed Louise
 42292 | Elf:2    | Killed Louise
 42610 | Elf:3    | Entered Level 3 of the Elven Halls
 43095 | Elf:3    | Reached skill level 15 in Invocations
 43886 | Elf:3    | Identified the ring "Awoviv" {Fire rElec rN++ Dex-5}
 44176 | Elf:3    | Reached XP level 20. HP: 65/162 MP: 37/37
 44388 | Elf:3    | Identified the +11 short sword of Trog's Outrage
                  | {antimagic, rElec rF+} (Trog gifted it to you on level 3 of
                  | the Elven Halls)
 44388 | Elf:3    | Received a gift from Trog
 44495 | Elf:3    | Noticed a Brimstone Fiend
 44880 | Elf:3    | Identified the ring of Peunek {rF- rN+ rCorr Dex-3 SInv}
 44929 | Elf:3    | Identified the +6 great mace "Jagyrhas" {spect, SInv}
 44929 | Elf:3    | Identified the ring "Tulips" {MP+9 Int+3 SInv}
 45069 | Elf:3    | Identified the blade talisman of Freedom {SInv Stlth+}
 45073 | Elf:3    | Identified the +1 cloak "Roelek" {rC+ rCorr}
 45084 | Elf:3    | Identified the +1 robe of Haedoath {SInv Archmagi}
 45091 | Elf:3    | Identified the +3 mace "Jokyfyqumis" {elec, rElec rC+
                  | Int+3}
 45519 | Vaults:1 | Entered Level 1 of the Vaults
 46294 | Vaults:1 | Received a gift from Trog
 46609 | Vaults:1 | Reached skill level 15 in Armour
 46609 | Vaults:1 | Reached skill level 15 in Dodging
 47752 | Vaults:2 | Reached XP level 21. HP: 170/170 MP: 39/39
 47755 | Vaults:2 | Received a gift from Trog
 48611 | Vaults:2 | Received a gift from Trog
 48703 | Vaults:2 | Reached skill level 15 in Short Blades
 48703 | Vaults:2 | Reached skill level 15 in Long Blades
 48703 | Vaults:2 | Reached skill level 15 in Axes
 48703 | Vaults:2 | Reached skill level 15 in Maces & Flails
 48703 | Vaults:2 | Reached skill level 15 in Staves
 48703 | Vaults:2 | Reached skill level 15 in Ranged Weapons
 48703 | Vaults:2 | Reached skill level 15 in Throwing
 48703 | Vaults:2 | Reached skill level 15 in Stealth
 48703 | Vaults:2 | Reached skill level 15 in Shields
 48703 | Vaults:2 | Reached skill level 15 in Unarmed Combat
 48703 | Vaults:2 | Reached skill level 15 in Spellcasting
 48703 | Vaults:2 | Reached skill level 15 in Evocations
 49289 | Vaults:2 | Found the +3 robe of Clouds {*Thunder rCloud rElec}
 49295 | Vaults:2 | Identified the ring "Nechamak" {Ice Str+2 SInv}
 49421 | Vaults:2 | Identified the +4 great sword of Welfare {vamp, rElec rF-
                  | Will+}
 49632 | Vaults:3 | Noticed Jory
 49642 | Vaults:3 | Killed Jory
 49822 | Vaults:3 | Noticed Donald
 49834 | Vaults:3 | Killed Donald
 50409 | Vaults:3 | Received a gift from Trog
 50463 | Vaults:3 | Identified the +9 shortbow of Eranuxau {antimagic, rN+
                  | Dex+3}
 50602 | Vaults:3 | Found Sitrec's Book Emporium.
 50608 | Vaults:3 | Bought a manual of Polearms for 1440 gold pieces
 50641 | Vaults:3 | Reached XP level 22. HP: 179/179 MP: 41/41
 50816 | Vaults:3 | Found a staircase to the Crypt.
 51055 | Vaults:3 | Noticed Norris
 51089 | Vaults:3 | Killed Norris
 52798 | Vaults:4 | Noticed Xtahua
 52829 | Vaults:4 | Killed Xtahua
 53080 | Vaults:4 | Received a gift from Trog
 53357 | Vaults:4 | Noticed Zenata
 53366 | Vaults:4 | Killed Zenata
 53738 | Vaults:4 | Found a runed translucent gate.
 53738 | Vaults:4 | Found a runed translucent gate.
 53738 | Vaults:4 | Found a runed translucent gate.
 54005 | Vaults:4 | Noticed Yhagabbo's ghost (adept DrCj)
 54045 | Vaults:4 | Killed Yhagabbo's ghost
 54057 | Vaults:4 | Identified the ring of Guab Yfa {rN+ AC+4 Dex+6}
 55031 | Slime:1  | Entered Level 1 of the Pits of Slime
 55653 | Slime:2  | Gained mutation: You sometimes lose your temper in combat.
                  | [a shining eye]
 55659 | Slime:2  | Gained mutation: Your system is resistant to poisons.
                  | (rPois) [a shining eye]
 55663 | Slime:2  | Gained mutation: Your body sometimes deteriorates upon
                  | taking damage. [a shining eye]
 55666 | Slime:2  | Paralysed by a formless jellyfish for 1 turns
 55840 | Slime:2  | Gained mutation: You are clumsy. (Dex -2) [a shining eye]
 56003 | Slime:5  | Entered Level 5 of the Pits of Slime
 56015 | Slime:5  | Gained mutation: You are frail. (-10% HP) [a shining eye]
 56021 | Slime:5  | Reached XP level 23. HP: 168/168 MP: 42/42
 56023 | Slime:5  | Gained mutation: Your body often deteriorates upon taking
                  | damage. [a shining eye]
 56145 | Slime:5  | Noticed the Royal Jelly
 56163 | Slime:5  | Killed the Royal Jelly
 56208 | Slime:5  | Identified the +7 great mace of Zuapyc {flame, rCorr Str+3
                  | Stlth+}
 56247 | Slime:5  | Slain by a large slime creature

Illustrated notes

Levels and vault maps discovered:
D:1:      dpeg_arrival_pits, layout_loops_ring, chequers_ecumenical_altar_lobes,
          kennysheep_minor_cross
D:2:      layout_basic, serial_shops, shop, minmay_pentomino_t2
D:3:      layout_basic, grunt_ministairs_15, uniq_ijyb, uniq_terence,
          uniq_sigmund
D:4:      layout_layer_cave, minmay_misc_feat_nine_boxes,
          minmay_misc_feat_encased, minmay_pentangle
D:5:      layout_cave_pools, minmay_temple_entry_antechambers
D:6:      layout_basic, cheibrodos_sewer_entry_bend
D:7:      layout_gridville, nzn_wu_jian_contemplation, st_stairs_9, uniq_maggie
D:8:      layout_loops_corners, nicolae_overflow_crystal_walls,
          dk_yredelemnul_ordeal, grunt_gozag_breadcrumbs, uniq_grum
D:9:      layout_basic
D:10:     layout_roguey, lemuel_crystal_altar, lair_entry_dummy, orc_0_dummy,
          serial_library_hellmonk_layered_room
D:11:     layout_basic, ebering_ghost_gozag, serial_shops,
          nicolae_shop_tiny_real_fake_doors, grunt_ministairs_6, minmay_puff
D:12:     layout_loops_ring, ebering_ghost_disaster_area
D:13:     layout_small_grid, serial_shops, kennysheep_little_box
D:14:     layout_roguey, grunt_vaults_entry_fortified, minmay_misc_feat_hallway,
          tso_metal_star
D:15:     grunt_enter_depths_snipers, layout_loops_cross, ebering_ghost_xom,
          lemuel_blue_sif_altar
Lair:1:   layout_cave_pods, grunt_megastairs_2, infiniplex_staircase_pool_2,
          uniq_amaemon
Lair:2:   layout_cave_shapes, swamp_mist, spider_nest_entry_a,
          nicolae_volcano_entry_hallway, grunt_megastairs_4, lemuel_fruit_tree,
          serial_bayou_shore_b
Lair:3:   layout_gridlike, basic_altar, uniq_nergalle, uniq_kirke, uniq_nessos
Lair:4:   layout_gridlike, grunt_megastairs_1
Lair:5:   wormcave, layout_regular_city, guppyfry_lair_end_dragon,
          slime_entry_1, gauntlet_entry_generic, serial_bayou_shore_a
Swamp:1:  layout_basic_swamp, evilmike_swamp_ruin_wall, swamp_pool_1_2,
          nicolae_swamp_oxbows, nicolae_swamp_catching_bugs,
          infiniplex_staircase_pool, nicolae_swamp_decorative_isthmus
Swamp:2:  nicolae_swamp_wrong_neighborhood, layout_basic_swamp,
          nicolae_swamp_godswood, hangedman_swamp_phenomena
Swamp:3:  layout_basic_swamp, basic_altar, uniq_mlioglotl
Swamp:4:  swamp_old_school, layout_basic_swamp
Spider:1: layout_spider_delve
Spider:2: layout_cave_pods, portal_ice_cave_entry_ice_simulacra,
          nicolae_spider_paper_wasps
Spider:3: layout_spider_delve
Spider:4: spider_rune_water
Slime:1:  layout_caves, basic_altar
Slime:2:  nicolae_slime_spelunking
Slime:3:  layout_caves, cheibrodos_slime_lost_civilization_5
Slime:4:  layout_caves, uniq_dissolution
Slime:5:  slime_pit_nicolae_jellycorners
Orc:1:    layout_caves, uniq_erica
Orc:2:    grunt_orc_cross, layout_caves
Elf:1:    layout_loops_cross, nicolae_elf_theology_debate
Elf:2:    elven_hall_of_blades_hangedman_alternative
          [infiniplex_blade_entry_pillars], layout_rooms, drop_trap,
          nicolae_elf_glass_and_crystal_pillar_1, uniq_saint_roka, uniq_roxanne,
          uniq_louise
Elf:3:    elf_hall_gauntlet_wide, layout_geoelf_castle
Vaults:1: vaults_room_pools, vaults_dpeg_doors,
          nicolae_vaults_windows_and_doors_thing,
          nicolae_vaults_frosty_reception, nicolae_vaults_tetromino_Z_2,
          nicolae_vaults_big_ls, nicolae_vaults_trapezoid_4, v_misc_3,
          layout_vaults_omnigrid
Vaults:2: st_greater_box_3, ontoclasm_vaults_gateway, ontoclasm_vaults_idyll,
          nicolae_vaults_sealed_display, nicolae_vaults_trapezoid_lopsided_3,
          v_misc_26, vaults_mumra_minichess_inversion, hangedman_vaults_cutoff,
          nicolae_vaults_border_crossing, nicolae_vaults_sesquioval_fish,
          nicolae_vaults_gold_heap, nicolae_vaults_trapezoid_2,
          vaults_dpeg_diagonal, nicolae_vaults_little_squares_6,
          nicolae_vaults_tetromino_Z_1, layout_vaults_omnibox
Vaults:3: nicolae_vaults_network_periphery, vaults_standard_mumra_lines,
          ontoclasm_vaults_loading_screen, grunt_vaults_funnel,
          nicolae_vaults_asterisk, nicolae_vaults_yaktaur_gun_rack,
          minmay_crypt_entry_skeletal_spiral, nicolae_vaults_circle_grid_b,
          vaults_room_corners, layout_vaults_big_room, serial_shops,
          nicolae_shop_getting_attention, uniq_norris, uniq_jory, uniq_donald
Vaults:4: gammafunk_ghost_necromancy, nicolae_vaults_ninety_degrees,
          grunt_vaults_trifunnel, vaults_mumra_lcd,
          nicolae_vaults_trapezoid_lopsided_2, vaults_dpeg_hooks,
          nicolae_vaults_tetromino_Z_1, nicolae_vaults_cochlea,
          hangedman_vaults_maws, nicolae_vaults_tetromino_Z_2,
          layout_vaults_maze, uniq_xtahua, uniq_zenata

Skill      XL: |  1  2  3  4  5  6  7  8  9 10 11 12 13 14 15 16 17 18 19 20 21 22 23 |
---------------+----------------------------------------------------------------------+-----
Invocations    | 1 2 3 4 5 6 7 8 9 10 11 12 13 14 15 16 17 | 17.4
Short Blades   | 1 2 3 4 5 6 7 8 9 10 11 12 13 14 15 16 | 16.0
Long Blades    | 1 2 3 4 5 6 7 8 9 10 11 12 13 14 15 16 | 16.0
Axes           | 1 2 3 4 5 6 7 8 9 10 11 12 13 14 15 16 | 16.0
Maces & Flails | 1 2 3 4 5 6 7 8 9 10 11 12 13 14 15 16 | 16.0
Staves         | 1 2 3 4 5 6 7 8 9 10 11 12 13 14 15 16 | 16.0
Ranged Weapons | 1 2 3 4 5 6 7 8 9 10 11 12 13 14 15 16 | 16.0
Throwing       | 1 2 3 4 5 6 7 8 9 10 11 12 13 14 15 16 | 16.0
Stealth        | 1 2 3 4 5 6 7 8 9 10 11 12 13 14 15 16 | 16.0
Shields        | 1 2 3 4 5 6 7 8 9 10 11 12 13 14 15 16 | 16.0
Unarmed Combat | 1 2 3 4 5 6 7 8 9 10 11 12 13 14 15 16 | 16.0
Spellcasting   | 1 2 3 4 5 6 7 8 9 10 11 12 13 14 15 16 | 16.0
Evocations     | 1 2 3 4 5 6 7 8 9 10 11 12 13 14 15 16 | 16.0
Shapeshifting  | 1 2 3 4 5 6 7 8 9 10 11 12 13 14 | 14.8
Conjurations   | 1 2 3 4 5 6 7 8 9 10 11 12 13 | 13.6
Hexes          | 1 2 3 4 5 6 7 8 9 10 11 12 13 | 13.6
Summonings     | 1 2 3 4 5 6 7 8 9 10 11 12 13 | 13.6
Necromancy     | 1 2 3 4 5 6 7 8 9 10 11 12 13 | 13.6
Translocations | 1 2 3 4 5 6 7 8 9 10 11 12 13 | 13.6
Fire Magic     | 1 2 3 4 5 6 7 8 9 10 11 12 13 | 13.6
Ice Magic      | 1 2 3 4 5 6 7 8 9 10 11 12 13 | 13.6
Air Magic      | 1 2 3 4 5 6 7 8 9 10 11 12 13 | 13.6
Earth Magic    | 1 2 3 4 5 6 7 8 9 10 11 12 13 | 13.6
Alchemy        | 1 2 3 4 5 6 7 8 9 10 11 12 13 | 13.6
Armour         | 5 6 7 8 9 10 11 12 13 14 15 16 | 16.6
Dodging        | 5 6 7 8 9 10 11 12 13 14 15 16 | 16.6
Fighting       | 7 8 9 10 11 12 13 14 15 16 17 | 17.2
Polearms       | 7 8 9 10 11 12 13 14 15 16 17 | 17.9

Action                     |  1- 3 |  4- 6 |  7- 9 | 10-12 | 13-15 | 16-18 | 19-21 | 22-24 || total
---------------------------+-------+-------+-------+-------+-------+-------+-------+-------++-------
  Melee: Spear             |   109 |    73 |       |       |       |       |       |       ||   182
         Bite              |     6 |    14 |    21 |    38 |   154 |   195 |   193 |   120 ||   741
         Trident           |       |   115 |   218 |     5 |   729 |  1309 |   593 |     4 ||  2973
         Halberd           |       |       |    62 |   367 |   303 |       |       |       ||   732
         Broad axe         |       |       |       |       |       |    11 |       |       ||    11
         Double sword      |       |       |       |       |       |       |   614 |   280 ||   894
         Demon trident     |       |       |       |       |       |       |       |   375 ||   375
  Throw: Boomerang         |       |       |    12 |    19 |    12 |   238 |    26 |     5 ||   312
         Dart              |       |       |       |       |    73 |   138 |    83 |     1 ||   295
         Javelin           |       |       |       |       |     7 |    20 |    23 |       ||    50
 Invoke: Berserk           |     1 |     2 |     5 |     4 |    11 |    13 |    10 |     7 ||    53
         Trog's Hand       |       |     1 |     4 |     3 |     6 |     2 |     8 |     4 ||    28
         Brothers in Arms  |       |       |       |       |     1 |     3 |     1 |     2 ||     7
  Evoke: Wand              |       |       |       |       |       |       |     3 |       ||     3
    Use: Potion            |       |       |     2 |       |       |     1 |     4 |     2 ||     9
         Scroll            |       |       |    21 |     5 |     8 |     2 |       |     9 ||    45
   Stab: Sleeping          |       |       |       |       |    14 |    12 |    21 |    18 ||    65
         Distracted        |       |       |       |       |     2 |    11 |     5 |     2 ||    20
 Armour: Ring mail         |    38 |    45 |       |       |       |       |       |       ||    83
         Animal skin       |     4 |       |       |       |       |       |       |       ||     4
         Chain mail        |       |     8 |    25 |   277 |   586 |       |    42 |       ||   938
         Scale mail        |       |    54 |   166 |       |       |       |       |       ||   220
         Pearl dragon scal |       |       |       |       |   184 |   590 |   490 |   327 ||  1591
         Ice dragon scales |       |       |       |       |       |    51 |       |       ||    51
         Skin              |       |       |       |       |       |     4 |       |       ||     4
  Dodge: Dodged            |    38 |    86 |   126 |   166 |   460 |   398 |   342 |   199 ||  1815
  Block: Tower shield      |       |       |       |       |   226 |  1360 |   673 |       ||  2259
         Kite shield       |       |       |       |       |    80 |       |   370 |   451 ||   901
         Reflection        |       |       |       |       |       |    24 |    94 |    12 ||   130

Table legend: (Time is in decaauts)
 A = Elapsed time spent in this place.
 B = Non-inter-level travel time spent in this place.
 C = Inter-level travel time spent in this place.
 D = Time resting spent in this place.
 E = Time spent auto-exploring this place.
 F = Levels seen in this place.
 G = Mean time per level.
                   A        B        C        D        E       F      G
               +--------+--------+--------+--------+--------+-----+--------+
         Total |  56079 |  50189 |   5890 |   9400 |  30298 |  45 | 1246.2 |
       Dungeon |  16041 |  14056 |   1985 |   1084 |  10524 |  15 | 1069.4 |
          Lair |   9562 |   8257 |   1305 |   1527 |   5266 |   5 | 1912.4 |
         Swamp |   4668 |   4383 |    285 |   1081 |   2339 |   4 | 1167.0 |
   Spider Nest |   5633 |   5388 |    245 |   2159 |   2120 |   4 | 1408.2 |
    Slime Pits |    779 |    779 |      0 |    389 |     28 |   5 |  155.8 |
  Orcish Mines |   2816 |   2380 |    436 |    180 |   1648 |   2 | 1408.0 |
   Elven Halls |   6346 |   5487 |    859 |   1409 |   2666 |   3 | 2115.3 |
        Vaults |   7757 |   6984 |    773 |    685 |   4798 |   4 | 1939.2 |
      Ice Cave |    760 |    760 |      0 |    341 |    133 |   1 |  760.0 |
       Volcano |    832 |    832 |      0 |     73 |    519 |   1 |  832.0 |
      Gauntlet |    882 |    882 |      0 |    468 |    254 |   1 |  882.0 |
               +--------+--------+--------+--------+--------+-----+--------+

Top non-repeatable levels by time:
  Lair:2: 2974 daAuts
  Lair:5: 2718 daAuts
Spider:4: 2420 daAuts
   Elf:3: 2405 daAuts
Vaults:1: 2181 daAuts
Vaults:2: 2171 daAuts
   Elf:2: 2056 daAuts
   Orc:2: 1942 daAuts
Vaults:3: 1911 daAuts
   Elf:1: 1884 daAuts
 Swamp:4: 1584 daAuts
     D:6: 1568 daAuts
  Lair:1: 1556 daAuts
Vaults:4: 1494 daAuts
    D:15: 1443 daAuts
